Map: 레릴락 마루

Players

Chicken - Winner!

  • Race: Protoss Protoss
  • League: Master

JazBas

  • Race: Zerg Zerg
  • League: Diamond

VOD

Have the link to the VOD?

Description

Time

  • Played on: Oct. 9, 2015, 1:07 p.m.
  • Length: 8:02
Show
View Real Time Build Order
Export as new Build Order

Chicken Protoss - Winner!

Build Orders: Nexus First 

Get SALT Encoding   

  12  0:00  Probe (Chrono Boost)  
  13  0:11  Probe (Chrono Boost)  
  14  0:19  Pylon  
  14  0:22  Probe (Chrono Boost)  
  15  0:37  Probe (Chrono Boost)  
  16  0:48  Probe (Chrono Boost)  
  17  0:58  Probe (Chrono Boost)  
  17  1:02  Nexus  
  18  1:09  Probe (Chrono Boost)  
  19  1:15  Gateway  
  19  1:19  Probe (Chrono Boost)  
  19  1:24  Assimilator  
  20  1:27  Assimilator  
  20  1:30  Probe (Chrono Boost)  
  21  1:40  Probe (Chrono Boost)  
  21  1:43  Pylon  
  22  1:51  Probe (Chrono Boost)  
  23  2:01  Probe (Chrono Boost)  
  23  2:05  Cybernetics Core  
  24  2:12  Probe (Chrono Boost)  
  25  2:18  Probe (Chrono Boost)  
  27  2:22  Probe (Chrono Boost)  
  27  2:23  Forge  
  27  2:29  Probe (Chrono Boost)  
  28  2:33  Probe (Chrono Boost)  
  29  2:39  Adept (Chrono Boost)  
  29  2:43  Probe (Chrono Boost)  
  32  2:45  Mothership Core (Chrono Boost), Warp Gate (Chrono Boost)  
  32  2:50  Pylon  
  34  2:56  Probe (Chrono Boost)  
  35  3:02  Photon Cannon  
  35  3:03  Probe (Chrono Boost)  
  35  3:04  Sentry  
  36  3:08  Probe (Chrono Boost)  
  39  3:14  Probe (Chrono Boost)  
  41  3:20  Probe (Chrono Boost)  
  41  3:24  Probe (Chrono Boost), Gateway  
  41  3:25  Gateway  
  42  3:27  Pylon  
  42  3:30  Probe  
  42  3:31  Sentry  
  45  3:34  Protoss Ground Weapons Level 1  
  45  3:39  Probe  
  45  3:40  Assimilator  
  46  3:47  Probe  
  46  3:48  Pylon  
  47  3:51  Probe  
  47  3:53  Pylon  
  48  3:57  Adept  
  48  3:58  Assimilator  
  50  4:03  Pylon  
  50  4:04  Probe  
  47  4:26  Pylon  
  38  4:42  Adept x3  
  44  4:48  Gateway  
  44  4:52  Gateway  
  44  5:03  Adept x3  
  48  5:09  Pylon  
  48  5:12  Photon Cannon  
  48  5:19  Pylon  
  48  5:24  Sentry  
  48  5:25  Sentry x2  
  54  5:35  Pylon  
  54  5:47  Adept  
  54  5:48  Adept x3  
  54  5:49  Sentry  
  64  6:11  Adept  
  64  6:12  Adept x3  
  64  6:13  Sentry  
  64  6:18  Pylon  
  74  6:39  Stalker x2  
  75  6:42  Stalker, Zealot  
  79  6:52  Stalker  
  65  7:06  Adept x3  
  69  7:12  Adept  
  71  7:19  Stalker  
  69  7:39  Stalker x2  
  69  7:40  Zealot x2  
  71  7:55  Stalker  
  69  8:00  Adept x2  
Show
View Real Time Build Order
Export as new Build Order

JazBas Zerg 

Build Orders: Hatch First 

Get SALT Encoding   

  12  0:00  Drone  
  13  0:12  Overlord  
  13  0:17  Drone  
  14  0:30  Drone  
  14  0:31  Drone  
  16  0:35  Drone  
  17  0:51  Hatchery  
  17  0:54  Drone  
  17  0:57  Drone  
  17  1:01  Extractor  
  17  1:07  Drone  
  18  1:15  Spawning Pool  
  18  1:18  Drone  
  18  1:28  Drone  
  19  1:40  Drone  
  20  1:50  Drone  
  21  2:02  Queen  
  21  2:03  Queen  
  21  2:04  Metabolic Boost  
  21  2:05  Overlord  
  25  2:09  Drone  
  25  2:12  Zergling x2  
  27  2:21  Drone  
  28  2:25  Drone x2  
  30  2:33  Evolution Chamber  
  29  2:38  Drone  
  30  2:45  Zergling x4  
  30  2:46  Zergling x2  
  30  2:49  Pneumatized Carapace  
  33  2:54  Overlord  
  33  2:59  Zergling x2  
  33  3:04  Zergling x2  
  35  3:09  Zergling x2  
  36  3:13  Zergling x4  
  36  3:14  Zergling x8  
  42  3:22  Zergling x2  
  42  3:25  Zergling x2  
  44  3:34  Overlord  
  44  3:35  Overlord  
  44  3:51  Overlord x2  
  44  3:54  Zergling x12  
  50  4:08  Overlord  
  50  4:12  Zergling x4  
  50  4:15  Zergling x2  
  53  4:29  Zergling x4  
  50  4:35  Zergling x2  
  50  4:36  Zergling x2  
  50  4:45  Zerg Melee Weapons Level 1  
  48  4:46  Zergling x2  
  48  4:52  Zergling x2  
  45  5:03  Drone  
  45  5:04  Drone  
  45  5:05  Lair  
  46  5:07  Extractor  
  46  5:11  Drone x2  
  47  5:14  Drone  
  47  5:15  Drone x2  
  47  5:20  Drone x3  
  53  5:22  Drone  
  53  5:23  Roach Warren  
  53  5:30  Drone  
  53  5:31  Drone  
  55  5:42  Overlord  
  55  5:47  Hatchery  
  54  5:52  Overlord  
  54  6:07  Queen  
  54  6:09  Roach x5  
  54  6:10  Roach  
  66  6:24  Roach x7  
  74  6:36  Glial Reconstitution  
  70  6:40  Roach x2  
  72  6:53  Zergling x6  
  72  6:54  Zergling x6  
  69  6:57  Zergling x4  
  39  7:09  Roach  
  39  7:10  Roach x4  
  44  7:17  Roach x2  
  48  7:23  Roach  
  48  7:31  Roach  
  45  7:41  Roach x2  
  45  7:42  Roach  
Tags
 
Add a new tag
Caveats
  • Supply blocks, unpowered buildings, or Contaminate may cause inaccurate times.
  • Supply counts are checked every 10 seconds.